 Dungeon Crawl Stone Soup version 0.15.1-1-gfacfea3 (webtiles) character file.

127 Chiseanne the Skirmisher (level 5, -3/42 HPs)
             Began as a Formicid Chaos Knight on Sept 30, 2014.
             Was a Plaything of Xom.
             Killed by divine providence
             ... invoked by an orc priest
              (12 damage)
             ... on Level 4 of the Dungeon.
             The game lasted 00:09:08 (3032 turns).

Chiseanne the Skirmisher (Formicid Chaos Knight)    Turns: 3032, Time: 00:09:08

HP  -3/42        AC  9     Str 18      XL: 5   Next: 33%
MP   0/7         EV  5     Int 11      God: Xom
Gold 190         SH  7     Dex 10      Spells:  0 memorised,  4 levels left

rFire  . . .     SeeInvis +     a - +3 hand axe (chaos)
rCold  . . .     Clarity  .     o - +0 scale mail {rPois}
rNeg   . . .     rCorr    .     e - +0 shield
rPois  +         rRot     .     (helmet unavailable)
rElec  .         Spirit   +     i - +0 cloak
SustAb .         Warding  .     (no gloves)
rMut   .         Stasis   +     j - +0 pair of boots
Gourm  .                        k - amulet of guardian spirit
MR     .....                    (no ring)
                                (no ring)

@: not resistant to hostile enchantments, extremely unstealthy
A: permanent stasis, dig shafts and tunnels, four strong arms, antennae 3
a: Dig, Shaft Self, Renounce Religion


You were on level 4 of the Dungeon.
You worshipped Xom.
You were a plaything of Xom.
You were hungry.

You visited 1 branch of the dungeon, and saw 4 of its levels.

You collected 190 gold pieces.

Inventory:

Hand weapons
 a - a +3 hand axe of chaos (weapon)
 n - a +0 blowgun
Missiles
 m - 10 poisoned needles
Armour
 e - a +0 shield (worn)
 i - a +0 cloak (worn)
 j - a +0 pair of boots (worn)
 o - a +0 scale mail of poison resistance (worn)
Comestibles
 c - 2 bread rations
 f - 2 beef jerkies
Scrolls
 h - 2 scrolls of remove curse
Jewellery
 g - an uncursed amulet of resist mutation
 k - an amulet of guardian spirit (around neck)
Potions
 p - a potion of cancellation


   Skills:
 * Level 4.2 Fighting
 * Level 3.7 Axes
 * Level 3.0 Armour
 * Level 2.4 Dodging
 * Level 0.2 Shields


You had 4 spell levels left.
You didn't know any spells.

Dungeon Overview and Level Annotations

Branches:
Dungeon (4/15)
 Temple: D:4-7

Altars:
Ashenzari
Nemelex Xobeh
Xom
Yredelemnul
Zin


Innate Abilities, Weirdness & Mutations

Your are under a permanent stasis effect.
You can dig through walls and to a lower floor.
Your four strong arms can wield two-handed weapons with a shield.
You have a pair of large antennae on your head (SInv).


Message History

You kill the hound!
Your Armour skill increases to level 3!
You block the orc priest's attack. The orc priest hits you with a trident.
* * * LOW HITPOINT WARNING * * *
You hit the orc priest. You burn the orc priest.
The orc priest is heavily wounded.
The orc priest hits you but does no damage.
You closely miss the orc priest.
The orc priest is heavily wounded.
The orc priest glows brightly for a moment.
You hit the orc priest but do no damage.
The orc priest is heavily wounded.
You block the orc priest's attack.
You hit the orc priest but do no damage.
The orc priest is poisoned.
The orc priest is heavily wounded.
The orc priest calls down the wrath of Beogh upon you.
Something smites you!
You die...

#### ... # ## #.. .# ##.... ##
....... # ....... .......
#####################........
##.<[........@o...............
##..###################.(......
###..## ....... .....# #......
.....# ##....... .....########
#.....o. ............###### #.#
... .....######..%...## #.# ..
.....# ######..## #.#


You could see an orc priest.

Vanquished Creatures
  A hound (D:4)
  3 adders
  A giant mite (D:3)
  A worm (D:3)
  An ooze (D:2)
  An orc (D:3)
  7 hobgoblins
  2 jackals (D:4)
  A quokka (D:3)
  6 bats
  3 giant cockroaches
  2 giant geckos
  A giant newt (D:2)
  15 goblins
  5 kobolds
  5 rats
55 creatures vanquished.

Vanquished Creatures (collateral kills)
  A giant gecko (D:1)
1 creature vanquished.

Vanquished Creatures (others)
  A giant gecko zombie (D:4)
  A hobgoblin zombie (D:1)
2 creatures vanquished.

Grand Total: 58 creatures vanquished

Notes
Turn   | Place    | Note
--------------------------------------------------------------
     0 | D:1      | Chiseanne, the Formicid Chaos Knight, began the quest for the Orb.
     0 | D:1      | Reached XP level 1. HP: 18/18 MP: 1/1
    63 | D:1      | Reached skill level 1 in Dodging
   158 | D:1      | Reached XP level 2. HP: 21/24 MP: 3/3
   669 | D:1      | XOM: silly message
   770 | D:1      | Reached XP level 3. HP: 30/30 MP: 4/4
   775 | D:1      | XOM: silly message
   938 | D:2      | Found a sparkling altar of Nemelex Xobeh.
  1444 | D:2      | XOM: divination: detect creatures
  1544 | D:2      | XOM: divination: detect creatures
  1549 | D:2      | XOM: harmless Tloc miscast
  1700 | D:2      | XOM: harmless Pois miscast
  1794 | D:3      | Reached XP level 4. HP: 37/37 MP: 5/5
  1878 | D:3      | XOM: harmless Tloc miscast
  1922 | D:3      | Reached skill level 4 in Fighting
  2014 | D:3      | Found a shimmering altar of Xom.
  2016 | D:3      | Noticed an angel
  2020 | D:3      | Found a glowing silver altar of Zin.
  2660 | D:3      | XOM: harmless Trmt miscast
  2691 | D:3      | Found a basalt altar of Yredelemnul.
  2692 | D:3      | Found a shattered altar of Ashenzari.
  2951 | D:4      | Reached XP level 5. HP: 39/42 MP: 7/7
  3019 | D:4      | HP: 2/42 [orc priest/divine providence (15)]
  3032 | D:4      | Killed from afar by an orc priest

Action                   |  1- 3 |  4- 6 || total
-------------------------+-------+-------++-------
Melee: Hand axe          |    86 |    73 ||   159
  Use: Scroll            |     6 |     6 ||    12
       Potion            |     2 |     3 ||     5
 Stab: Paralysed         |     1 |       ||     1
  Eat: Chunk             |     2 |     4 ||     6
